[Event "Early-Titled-Tuesday-Blitz-October-24-2023"]
[Site "Chess.com"]
[Date "2023.10.24"]
[Round "10"]
[White "lilleper1"]
[Black "Jospem"]
[Result "1-0"]
[WhiteElo "2896"]
[BlackElo "3114"]
[TimeControl "180+1"]
[EndTime "9:53:58 PDT"]
[Termination "lilleper1 won by checkmate"]

1. e4 c5 2. Nf3 d6 3. Nc3 a6 4. a4 e6 5. d4 cxd4 6. Nxd4 Nf6 7.
Be2 Bd7 8. O-O Nc6 9. Be3 Be7 10. Nb3 b6 11. f4 Qc7 12. Kh1 h5 13. Qe1 Nb4 14.
Rc1 d5 15. e5 Ne4 16. Nxe4 dxe4 17. Qf2 Nd5 18. Bd4 Bxa4 19. c4 Nb4 20. Bxb6 Qc8 21.
Na5 Nc6 22. b3 Nxa5 23. bxa4 Nb3 24. Rc3 Bc5 25. Bxc5 Nxc5 26. Qg3 g6 27. a5 Qc7 28.
Ra3 Rd8 29. Qh4 Qe7 30. Qh3 Kf8 31. Raa1 Kg7 32. Qg3 h4 33. Qe3 Qc7 34. Rfb1 h3 35. gxh3 Rh4 36. Rb6 Nd3 37. Rf1 Qxc4 38. Qg3 Rhh8 39. f5 exf5 40. Rxf5 Qd5 41. Rbf6 Rxh3 42. Rxf7+ Qxf7 43. Rxf7+ Kxf7 44. Qg5 Rdh8 45. Qf6+ Ke8 46. Qe6+ Kf8 47. Qf6+ Ke8 48. Qxg6+ Ke7 49. Qf6+ Ke8 50. Qe6+ Kf8 51. Qf6+ Ke8 52. Qg6+ Kd8 53. Qd6+ Ke8 54. Qe6+ Kd8 55. Qd6+ Kc8 56. Qc6+ Kb8 57. Qb6+ Ka8 58. Qxa6+ Kb8 59. Qb6+ Kc8 60. Qg1 R3h6 61. Bg4+ Kd8 62. h3 Ke8 63. Qd4 Rf8 64. Qd7# 1-0

[Event "Early-Titled-Tuesday-Blitz-October-24-2023"]
[Site "Chess.com"]
[Date "2023.10.24"]
[Round "10"]
[White "Aygehovit1992"]
[Black "eljanov"]
[Result "0-1"]
[WhiteElo "2662"]
[BlackElo "2818"]
[TimeControl "180+1"]
[EndTime "9:54:01 PDT"]
[Termination "eljanov won on time"]

1. e4 c6 2. Nc3 d5 3. Nf3 dxe4 4. Nxe4 Nf6 5. Qe2 Na6 6. c3 Nxe4 7. Qxe4 Qd5 8. Qe3 Nc7 9. d4 Bf5 10. Ne5 e6 11. f3 Qd8 12. g4 Qh4+ 13. Qf2 Qxf2+ 14.
Kxf2 Bc2 15. h4 h5 16. g5 Be7 17. Bf4 Nd5 18. Bg3 Bf5 19. a3 f6 20. gxf6 gxf6 21.
Nc4 Rd8 22. Re1 Kf7 23. Na5 Rd7 24. Bc4 Rc8 25. Nb3 Nb6 26. Bf1 Na4 27. Re2 c5 28. Bh3 Bxh3 29. Rxh3 cxd4 30. Nxd4 Bc5 31. Kg2 Bxd4 32.
cxd4 Rxd4 33. Rh1 Rdc4 34. Rd1 Rc2 35. Rd7+ Ke8 36. Rdd2 Rxd2 37. Rxd2 Rc6 38. Bf2 a6 39. f4 Nb6 40. f5 e5 41. b4 Nc8 42. Rd3 Nd6 43. Rf3 Rc4 44. Bc5 Ne4 45. Kh3 Nxc5 46.
bxc5 Rxc5 47. Rg3 e4 48. Re3 Rc4 49. Kg3 Kd7 50. Kf4 b5 51. Rb3 Kc6 52. Ke3 a5 53.
Rb1 b4 54. axb4 axb4 55. Rb2 Kb5 56. Kf4 e3+ 57. Kxe3 Rxh4 58. Rg2 b3 59. Rg8 Rb4 60. Rb8+ Kc5 61. Rc8+ Kd5 62. Rc1 b2 0-1

[Event "Early-Titled-Tuesday-Blitz-October-24-2023"]
[Site "Chess.com"]
[Date "2023.10.24"]
[Round "10"]
[White "Zhbugnoimt"]
[Black "ContrVersia"]
[Result "0-1"]
[WhiteElo "2564"]
[BlackElo "2875"]
[TimeControl "180+1"]
[EndTime "9:54:10 PDT"]
[Termination "ContrVersia won by resignation"]

1. e4 c5 2. Nf3 a6 3. Nc3 e6 4. d4 b5 5. d5 d6 6. Be2 e5 7.
O-O Nf6 8. Nd2 Be7 9. a4 b4 10. Ncb1 O-O 11. Bd3 g6 12. Nc4 Nh5 13. a5 Nd7 14.
Bh6 Ng7 15. Nbd2 Ra7 16. h3 Kh8 17. f4 exf4 18. Bxf4 Ne8 19. Bh6 Ng7 20. Bf4 Qc7 21. Nf3 f6 22. Qd2 Bb7 23. Rf2 Raa8 24. Raf1 Rae8 25.
g4 Kg8 26. Bh6 Bc8 27. Kg2 Qd8 28. Bf4 Qc7 29. Bh2 g5 30. Ne3 Qxa5 31. h4 h6 32. hxg5 hxg5 33. Bg3 Qd8 34. Rh1 Ne5 35. Nxe5 fxe5 36. Nf5 Nxf5 37. gxf5 Bf6 38. Rh6 Rf7 39. Rf1 Rh7 40. Rxh7 Kxh7 41. Rh1+ Kg7 42. Rh5 Rh8 43.
Qe2 a5 44. Qg4 Qe8 45. Rxg5+ Bxg5 46. Qxg5+ Kf7 47. Qg6+ Ke7 48. Qg7+ Kd8 49. f6 Rg8 50. Qa7 Qg6 51. Qb6+ Ke8 52. Bb5+ Kf7 53. Qc7+ Kxf6 54. Qxd6+ Kg7 55. Qxe5+ Kh7 56. Bd3 Rg7 57. Qf4 Qh5 58.
e5+ Kg8 59. e6 Qxd5+ 60. Kg1 Bxe6 61. Kh2 Qh5+ 62. Kg1 Qg4 63. Qb8+ Kf7 64. Qc7+ Bd7 65. Bc4+ Kg6 66. Bd3+ Kh5 67. Qe5+ Qg5 68. Be2+ Kh6 69. Qd6+ Qg6 70. Qf4+ Qg5 71. Qd6+ Rg6 72. Qf8+ Kh7 73.
Qe7+ Qxe7 0-1

[Event "Early-Titled-Tuesday-Blitz-October-24-2023"]
[Site "Chess.com"]
[Date "2023.10.24"]
[Round "10"]
[White "seopie"]
[Black "jk13"]
[Result "1/2-1/2"]
[WhiteElo "2891"]
[BlackElo "2685"]
[TimeControl "180+1"]
[EndTime "9:54:13 PDT"]
[Termination "Game drawn by repetition"]

1. d4 Nf6 2. c4 e6 3. Nf3 Bb4+ 4. Nbd2 O-O 5. a3 Be7 6. g3 d5 7. Bg2 b6 8. O-O Bb7 9. Qc2 dxc4 10. Nxc4 Be4 11.
Qc3 Nbd7 12. Rd1 c5 13. Bg5 Qc7 14. dxc5 Nxc5 15. Bf4 Qb7 16. Nd6 Bxd6 17. Bxd6 Rfc8 18. b4 Na4 19. Qe3 Nc3 20. Re1 Ncd5 21. Qd4 Rd8 22. Be5 Nf4 23. Qb2 Nxg2 24. Kxg2 Ne8 25. Rad1 f6 26. Bf4 e5 27. Bc1 Rac8 28. Qb3+ Kh8 29. Rxd8 Rxd8 30. Kg1 Rc8 31. Bd2 Nd6 32. Rc1 Rxc1+ 33.
Bxc1 Bxf3 34. exf3 Qc6 35. Bb2 Nc4 36. Bc1 Qd5 37.
b5 h6 38. a4 Qd4 39. Qc2 Kg8 40. Kg2 Qd5 41. h4 Nd6 42. Qg6 Nf7 43. Qe4 Qxe4 44. fxe4 Nd6 45. Kf3 h5 46. Ke3 Kf7 47. Kd3 Ke6 48. Ba3 Nb7 49. Bb4 g6 50. f3 g5 51.
Kc4 gxh4 52. gxh4 Nd8 53. a5 Nf7 54. a6 Nh8 55. Bd2 Nf7 56. Be3 Nd6+ 57. Kb4 Nc8 58. Bf2 Nd6 59. Be3 Nc8 60. f4 Kd7 61. f5 Kc7 62. Kc4 Kd6 63. Bd2 Kd7 64. Kd5 Ne7+ 65.
Kc4 Nc8 66. Bb4 Nd6+ 67. Bxd6 Kxd6 68. Kb4 Kd7 69. Kb3 Kc7 70. Kc3 Kd7 71. Kd3 Ke7 72. Kc3 Kd7 73. Kd3 Kc7 74. Kc3 Kd7 1/2-1/2

[Event "Early-Titled-Tuesday-Blitz-October-24-2023"]
[Site "Chess.com"]
[Date "2023.10.24"]
[Round "10"]
[White "VOneChess"]
[Black "LeoLV10"]
[Result "0-1"]
[WhiteElo "2317"]
[BlackElo "2571"]
[TimeControl "180+1"]
[EndTime "9:54:18 PDT"]
[Termination "LeoLV10 won by checkmate"]

1. e4 c5 2. Nf3 e6 3. d4 cxd4 4. Nxd4 a6 5. Bd3 Bc5 6. Nb3 Ba7 7. O-O Nc6 8. Qg4 Qf6 9. Nc3 Nge7 10. Bg5 Qg6 11.
Qh4 f6 12. Be3 Ne5 13. Be2 h5 14. Bxa7 Rxa7 15. f4 Nf7 16. Rad1 b5 17. a3 Rc7 18. Rd3 Bb7 19. Rg3 Qh6 20. Rh3 g5 21.
fxg5 Nxg5 22. Qxh5+ Qxh5 23. Rxh5 Rg8 24. Nd2 f5 25. Bd3 fxe4 26. Ncxe4 Nxe4 27. Nxe4 Bxe4 28. Bxe4 d5 29. Bd3 Kd7 30. Rh3 Kd6 31. Rh7 Nc6 32.
Rd7+ Rxd7 33. Rf2 Rdg7 34. g3 e5 35. Rf6+ Kc7 36. Kf2 e4 37. Be2 Rh7 38. h4 Rhg7 39. g4 Nd4 40. Bd1 Rxg4 41. Bxg4 Rxg4 42. h5 Rh4 43. h6 Nf3 44. Rxa6 d4 45. Ra7+ Kd6 46. h7 Ng5 47. h8=Q Rxh8 48. Ra6+ Ke5 49. Ra5 Kf4 50. Rxb5 Rh2+ 51. Kf1 Rxc2 52. Rb8 d3 53. Rf8+ Ke3 54. a4 Rc1+ 55. Kg2 d2 56. Rd8 d1=Q 57. Rxd1 Rxd1 58. a5 Ra1 59. a6 Rxa6 60. b4 Rb6 61. Kg3 Rxb4 62. Kg4 Ne6 63. Kf5 Nd4+ 64. Ke5 Rb5+ 65. Kd6 Rf5 66. Kc7 Kf4 67. Kd7 e3 68. Kd6 e2 69.
Kc7 Nf3 70. Kd7 e1=Q 71. Kd6 Qd2+ 72. Kc6 Qd5+ 73. Kc7 Rf8 74. Kb6 Rb8+ 75. Kc7 Rb7+ 76. Kc8 Qd7# 0-1

[Event "Early-Titled-Tuesday-Blitz-October-24-2023"]
[Site "Chess.com"]
[Date "2023.10.24"]
[Round "10"]
[White "Khromkin"]
[Black "Artemiki"]
[Result "1/2-1/2"]
[WhiteElo "2508"]
[BlackElo "2367"]
[TimeControl "180+1"]
[EndTime "9:54:26 PDT"]
[Termination "Game drawn - insufficient material"]

1. d4 Nf6 2. c4 c5 3. Nf3 e6 4. Nc3 cxd4 5. Nxd4 Nc6 6. g3 d5 7. cxd5 Nxd5 8. Bg2 Nxc3 9. bxc3 Nxd4 10. Qxd4 Qxd4 11.
cxd4 Bb4+ 12. Bd2 Bxd2+ 13. Kxd2 Rb8 14. Rhc1 Kd8 15. Rc3 Bd7 16. Rac1 Ke7 17. Rc7 Kd6 18.
Bxb7 a5 19. e4 f6 20. f4 Rhd8 21. e5+ fxe5 22. fxe5+ Ke7 23. Bc6 Ke8 24. Rxd7 Rxd7 25. Rc5 Rb2+ 26. Rc2 Rb4 27. Kc3 Rxd4 28. Bxd7+ Rxd7 29. Rb2 Rd5 30. Rb7 Kf8 31. a4 Rxe5 32. Rb5 Rxb5 33.
axb5 Ke7 34. Kb3 e5 35. b6 Kd7 36. Ka4 e4 37. Kxa5 e3 38. Ka6 e2 39. b7 e1=Q 40.
b8=Q Qa1+ 41. Kb7 Qb2+ 42. Ka7 Qa3+ 43. Kb7 Qb2+ 44. Ka8 Qa2+ 45. Kb7 Qg2+ 46. Ka6 Qxh2 47.
Qb7+ Ke6 48. Qxg7 Qe2+ 49. Kb6 Qe3+ 50. Kc6 Qe4+ 51. Kb6 Qb1+ 52. Kc6 Qh1+ 53. Kc5 Qg1+ 54. Kc4 Qf1+ 55. Kb3 Qd3+ 56. Kb2 Qd2+ 57. Kb1 Qe1+ 58.
Kb2 Qe2+ 59. Kb3 Qe3+ 60. Kc4 Qe4+ 61. Kb3 Qd3+ 62. Kb2 Qe2+ 63. Kc1 Qe1+ 64. Kc2 Qe2+ 65. Kc1 Qe1+ 66. Kc2 Qe4+ 67. Kd2 Qd5+ 68. Ke3 Qe5+ 69.
Qxe5+ Kxe5 70. Kf3 Kf5 71. g4+ Kg5 72. Kg3 h5 73.
gxh5 Kxh5 1/2-1/2

[Event "Early-Titled-Tuesday-Blitz-October-24-2023"]
[Site "Chess.com"]
[Date "2023.10.24"]
[Round "10"]
[White "CSB7"]
[Black "N4700000"]
[Result "1-0"]
[WhiteElo "2718"]
[BlackElo "2550"]
[TimeControl "180+1"]
[EndTime "9:54:31 PDT"]
[Termination "CSB7 won by checkmate"]

1. d4 Nf6 2. c4 g6 3. Nc3 Bg7 4.
e4 d6 5. Nf3 O-O 6. Be2 e5 7. O-O Nc6 8. d5 Ne7 9. Qc2 h6 10. Rd1 a5 11. a3 Nd7 12. Ne1 f5 13. f3 f4 14. Nd3 g5 15. Nf2 h5 16. Rb1 Nf6 17. c5 g4 18. Nb5 g3 19. Nh1 gxh2+ 20. Kxh2 Ne8 21. Bd2 Ng6 22. Be1 Bf6 23. Rbc1 Rf7 24.
Qc3 Bh4 25. Bxh4 Qxh4+ 26. Kg1 Rg7 27. Qe1 Qg5 28. Bf1 Nh4 29. Qf2 Bh3 30. Rd2 Bxg2 31.
Bxg2 Nxg2 32. Qxg2 Qf6 33. cxd6 cxd6 34. Kf1 Rxg2 35.
Rxg2+ Kh8 36. Nf2 Qf7 37. Ke2 Qd7 38. a4 Rc8 39. Rh1 Qf7 40. Kd2 b6 41. Nd3 Rc4 42.
b3 Rc8 43. Nb2 Rc5 44. Nc4 Rxc4 45. bxc4 Kh7 46. Rg5 Kh6 47. Rhxh5+ Qxh5 48. Rxh5+ Kxh5 49. Ke2 Kh4 50. Kf2 Kh3 51. Na7 Nc7 52. Nc8 b5 53.
cxb5 Nxb5 54. axb5 a4 55. b6 a3 56. b7 a2 57.
b8=Q a1=Q 58. Nxd6 Qa2+ 59. Ke1 Kg3 60. Nf5+ Kxf3 61. Nh4+ Kxe4 62. Qb4+ Kxd5 63. Nf3 Qa1+ 64. Kf2 Qa2+ 65. Ke1 Qa1+ 66. Kf2 Qa7+ 67. Kg2 Qe3 68. Qb5+ Ke6 69. Qc6+ Kf5 70. Qd7+ Ke4 71. Qc6+ Kf5 72. Qd7+ Ke4 73. Ng5# 1-0

[Event "Early-Titled-Tuesday-Blitz-October-24-2023"]
[Site "Chess.com"]
[Date "2023.10.24"]
[Round "10"]
[White "JimDiGrease"]
[Black "SlavenPastar"]
[Result "1-0"]
[WhiteElo "2875"]
[BlackElo "2627"]
[TimeControl "180+1"]
[EndTime "9:54:32 PDT"]
[Termination "JimDiGrease won by resignation"]

1. d4 b6 2. e4 Bb7 3. Bd3 Nf6 4. Nd2 e6 5. Ne2 d5 6. e5 Ng8 7. O-O c5 8. c3 Ne7 9. Ng3 g6 10. Nf3 h5 11. Bg5 Bg7 12. Qd2 Nbc6 13. Qf4 Qd7 14. a3 a5 15. Bf6 Bxf6 16. Qxf6 Rf8 17. Rfd1 O-O-O 18. Bb5 Kb8 19. dxc5 bxc5 20. Ne4 Ng8 21. Qf4 Qe7 22. Nd6 Ka8 23. b4 Nxe5 24. bxc5 Nxf3+ 25. Qxf3 Rxd6 26. cxd6 Qxd6 27. Rab1 Ne7 28. c4 d4 29. Qb3 Nf5 30. Qa4 Qc7 31. c5 Be4 32. Rb2 Rb8 33. Rdd2 Qxc5 34. Qxa5+ Qa7 35. Qb4 Qb6 36.
a4 Nd6 37. Qxd4 Qxd4 38. Rxd4 Rb6 39. f3 Bd5 40. Kf2 Nxb5 41. Rxb5 Rc6 42. Rb2 Ra6 43. Rdb4 Ra5 44. Rb8+ Ka7 45. Rf8 e5 46. Rd8 Be6 47. Rb5 Rxa4 48. Rxe5 Ra2+ 49. Re2 Ra4 50. Ke3 Kb6 51.
Rd4 Ra3+ 52. Rd3 Ra1 53. Rb2+ Kc5 54. Rc2+ Kb4 55. Rd4+ Kb5 56. Rc7 Ra2 57. Rd2 Ra3+ 58. Kf4 Ra4+ 59. Kg5 Kb6 60. Rc3 Ra5+ 61. Kf6 Rb5 62.
Rcc2 Rf5+ 63. Ke7 Bd5 64. Rc3 Be6 65. Rb2+ Ka6 66. Ra3+ Ra5 67. Rxa5+ Kxa5 68. Kf6 Ka4 69. Rb8 Ka3 70. Rf8 Bc4 71. Rxf7 Bxf7 72. Kxf7 g5 73. Kg6 g4 74. Kxh5 gxf3 75. gxf3 Kb4 76. f4 Kc5 77. f5 Kd6 78. f6 Kd7 79. Kg6 Ke8 80. f7+ Kf8 81. h4 Ke7 82. Kg7 Ke6 83. f8=Q 1-0

[Event "Early-Titled-Tuesday-Blitz-October-24-2023"]
[Site "Chess.com"]
[Date "2023.10.24"]
[Round "10"]
[White "ketster"]
[Black "Pumpkin_in_moonlight"]
[Result "1/2-1/2"]
[WhiteElo "2497"]
[BlackElo "2362"]
[TimeControl "180+1"]
[EndTime "9:54:33 PDT"]
[Termination "Game drawn by agreement"]

1. d4 Nf6 2. Nf3 g6 3. c4 Bg7 4. Nc3 O-O 5. e4 d6 6. Be2 e5 7. O-O exd4 8. Nxd4 Re8 9. f3 Nbd7 10. Bg5 c6 11. Qd2 Qb6 12. Be3 Qc7 13. Rad1 Ne5 14. Kh1 a5 15. Nc2 a4 16. Qxd6 Qxd6 17. Rxd6 Be6 18.
b3 axb3 19. axb3 b5 20. f4 Neg4 21. Bd4 bxc4 22. bxc4 c5 23. Bg1 Rad8 24. Rfd1 Rxd6 25. Rxd6 Nh5 26. Nd5 Bxd5 27. cxd5 Ngf6 28. e5 Ne4 29. Rc6 Nxf4 30. Bf3 Nd2 31. Be3 Nxf3 32. Bxf4 Nd4 33. Rxc5 Nxc2 34. Rxc2 Bxe5 35. Re2 f6 36. Bxe5 fxe5 37.
g3 Kf7 38. Kg2 Kf6 39. Kf3 Rd8 40. Ke4 Ra8 41. Rf2+ Ke7 42. Kxe5 Ra3 43. d6+ Ke8 44. Re2 Kd7 45. Rc2 Ra5+ 46. Kf6 Kxd6 47. Kg7 Ra7+ 48. Kh6 Ke6 49. Rf2 Rb7 50. g4 Ke5 51. h4 Ke6 52. Rf8 Ke7 53. Rf4 Ke6 54. Rf2 Rc7 55. g5 Rd7 56. Re2+ Kf7 57. Rf2+ Ke6 58. Rf6+ Ke5 59. Rf1 Ke4 60. h5 gxh5 61. Kxh5 Ke5 62. Rf6 Ke4 63. Kh6 Ke5 64. Rf8 Ra7 65. Rh8 Kf5 66. Rf8+ Kg4 67.
Rf2 Ra6+ 68. Rf6 Ra7 69. Rf8 Ra6+ 70. Kxh7 Kxg5 71. Rg8+ Kf5 72. Rf8+ Ke5 73. Rf7 1/2-1/2

[Event "Early-Titled-Tuesday-Blitz-October-24-2023"]
[Site "Chess.com"]
[Date "2023.10.24"]
[Round "10"]
[White "verrbaa"]
[Black "zajka-molotok"]
[Result "1-0"]
[WhiteElo "2462"]
[BlackElo "2535"]
[TimeControl "180+1"]
[EndTime "9:54:36 PDT"]
[Termination "verrbaa won by checkmate"]

1. Nf3 g6 2. c4 Bg7 3. Nc3 e5 4. g3 d6 5. Bg2 Nc6 6. O-O f5 7. e3 e4 8. Ne1 Be6 9. Qa4 Ne7 10.
d4 d5 11. b3 O-O 12. Ba3 Rf7 13. Rc1 g5 14. cxd5 Nxd5 15. Nxd5 Bxd5 16. f3 Qe8 17. fxe4 Bxe4 18. d5 Bxg2 19. Nxg2 Ne5 20. Qa5 Qd7 21. Rc2 Rd8 22. Rd1 a6 23. Bb2 Nf3+ 24. Kh1 Bxb2 25.
Rxb2 Qd6 26. Rf1 Ne5 27. Rd2 Ng4 28. Qc3 Qh6 29. Ne1 Re8 30. Rf3 Rfe7 31. Nc2 Re5 32. Qd3 Qg6 33. d6 cxd6 34. Qxd6 Qxd6 35. Rxd6 Nxe3 36.
Nxe3 Rxe3 37. Rxf5 Re1+ 38. Kg2 R8e2+ 39. Rf2 g4 40. Rd2 Rxf2+ 41. Kxf2 Rh1 42. Kg2 Ra1 43. Rc2 Kf7 44. h3 h5 45. hxg4 hxg4 46. Re2 Kf6 47.
Kf2 Kf5 48. a4 a5 49. Kg2 Rb1 50. Re3 Rb2+ 51. Kg1 b6 52. Kf1 Rc2 53. Kg1 Rd2 54. Kf1 Rb2 55. Kg1 Rc2 56. Kf1 Rc5 57. Kf2 Re5 58. Rxe5+ Kxe5 59. Ke3 Kf5 60. Kd4 Kf6 61. Ke4 Ke6 62. Kf4 Kd5 63. Kxg4 Kd4 64. Kf4 Kc3 65. g4 Kxb3 66. g5 Kxa4 67. g6 b5 68. g7 b4 69.
g8=Q b3 70. Ke3 Ka3 71. Kd2 Kb2 72. Qg7+ Kb1 73. Qc3 b2 74. Qa3 a4 75. Qd3+ Ka1 76. Qc3 Ka2 77. Qc2 Ka1 78. Qxa4+ Kb1 79. Kc3 Kc1 80.
Qc2# 1-0

[Event "Early-Titled-Tuesday-Blitz-October-24-2023"]
[Site "Chess.com"]
[Date "2023.10.24"]
[Round "10"]
[White "Sanan_Sjugirov"]
[Black "MatthewG-p4p"]
[Result "1/2-1/2"]
[WhiteElo "2951"]
[BlackElo "2836"]
[TimeControl "180+1"]
[EndTime "9:54:37 PDT"]
[Termination "Game drawn by repetition"]

1. d4 Nf6 2. c4 c5 3. d5 e6 4. Nc3 exd5 5. cxd5 d6 6. Nf3 g6 7. e4 a6 8. a4 Bg4 9. h3 Bxf3 10. Qxf3 Bg7 11.
Be2 O-O 12. O-O Re8 13. Re1 Nbd7 14. Bf4 Ne5 15. Qg3 Rb8 16. Bd2 Qc7 17. f4 Ned7 18. Bf1 c4 19. Kh1 b5 20. axb5 axb5 21. Qf3 b4 22. Nd1 Nc5 23. e5 Nfd7 24. Bxc4 dxe5 25. Nf2 Qd6 26. Rad1 f5 27. fxe5 Nxe5 28. Bf4 Rbd8 29. Qg3 Re7 30. Re2 Bf6 31. Rde1 Ncd7 32. Nd3 Rde8 33.
Bb5 Qxd5 34. Bxd7 Nxd7 35. Rxe7 Rxe7 36. Rxe7 Bxe7 37. Qe3 Qe4 38. Qd2 Qd4 39. Qe2 Kf7 40. Be3 Qe4 41. Qd2 Bf6 42. Bg1 b3 43. Nb4 Qe6 44. Qh6 Bg7 45. Qd2 Nf6 46. Qd3 Ne4 47.
Nd5 Be5 48. Qc4 Ng3+ 49. Kh2 Ne2+ 50. Kh1 Ng3+ 51. Kh2 h5 52. Qxb3 Nf1+ 53. Kh1 Nd2 54. Qb7+ Kg8 55. Qa8+ Kh7 56. Qb7+ Kh6 57. Be3+ f4 58.
Bxd2 Qf5 59. Qb4 g5 60. Qb6+ Kh7 61. Qb7+ Kh6 62. Qc6+ Kh7 63. Bc3 f3 64. Qb7+ Kh6 65. Qb6+ Kh7 66. Qa7+ Kh6 67. Qf2 Qb1+ 68. Qg1 fxg2+ 69.
Kxg2 Qe4+ 70. Kf2 Qxd5 71. Bxe5 Qxe5 72. Qc1 Qd4+ 73. Kg2 Qe4+ 74. Kh2 Qe5+ 75. Kh1 Qd5+ 76. Kg1 Qd4+ 77. Kh2 Qe5+ 78. Kg2 Qd5+ 79. Kh2 Qe5+ 1/2-1/2

[Event "Early-Titled-Tuesday-Blitz-October-24-2023"]
[Site "Chess.com"]
[Date "2023.10.24"]
[Round "10"]
[White "MKlose11"]
[Black "I_am_Javi"]
[Result "1-0"]
[WhiteElo "2658"]
[BlackElo "2792"]
[TimeControl "180+1"]
[EndTime "9:54:42 PDT"]
[Termination "MKlose11 won by resignation"]

1. e4 c5 2. Nc3 d6 3. g3 Nf6 4. d3 g6 5. Bg2 Bg7 6. Nge2 Nc6 7. O-O O-O 8. h3 e6 9. Be3 Rb8 10. Qd2 b5 11. Bh6 d5 12. Bxg7 Kxg7 13. exd5 exd5 14.
d4 b4 15. Nd1 Ne4 16. Qd3 c4 17. Qe3 Re8 18. Nf4 Ba6 19. Re1 Nf6 20. Qd2 Rxe1+ 21. Qxe1 Nxd4 22. Ne3 Bb7 23. Rd1 Qb6 24. c3 bxc3 25.
bxc3 Ne6 26. Nfxd5 Bxd5 27. Nxd5 Nxd5 28. Bxd5 Re8 29.
Qe5+ Kg8 30. Bxc4 h5 31. Bb3 Ng7 32. Qd4 Qc7 33. h4 Nf5 34. Qf6 Re7 35. Qxg6+ Ng7 36. Qd3 Qe5 37. Bc2 f5 38. Qd5+ Kf8 39. Qxe5 Rxe5 40. Bb3 Ke7 41. Rd4 Ne8 42. Ra4 a5 43.
Rc4 Kd6 44. Rc8 Nc7 45. Rh8 f4 46. gxf4 Rf5 47. Kg2 Rxf4 48. Rxh5 a4 49. Bd1 a3 50. Bb3 Rf8 51. Ra5 Rf4 52. Kg3 Rf6 53. Rxa3 Rg6+ 54.
Kf3 Rf6+ 55. Ke2 Rh6 56. Ra4 Rh8 57. Rd4+ Ke5 58. f4+ Kf6 59. Rd6+ Kf5 60. Kd3 Kxf4 61. Rc6 Ne8 62. Rc8 Ke5 63. Ba4 Rxh4 64. Rxe8+ Kd6 65.
Ra8 Rh3+ 66. Kc2 Kc5 67. Kb3 Kb6 68. Rd8 Kc7 69. Rd4 Kc8 70. Rc4+ Kb7 71. Bb5 Kb6 72. a4 Rh1 73. Rc6+ Kb7 74. Rf6 Rb1+ 75. Kc4 Rg1 76. Kb4 Kc8 77. Rf7 Kb8 78. c4 Rg6 79. Ka5 Rf6 80.
Rxf6 1-0

[Event "Early-Titled-Tuesday-Blitz-October-24-2023"]
[Site "Chess.com"]
[Date "2023.10.24"]
[Round "10"]
[White "Grischuk"]
[Black "GMWSO"]
[Result "0-1"]
[WhiteElo "2995"]
[BlackElo "3071"]
[TimeControl "180+1"]
[EndTime "9:54:44 PDT"]
[Termination "GMWSO won by resignation"]

1. d4 Nf6 2. c4 e6 3. Bg5 h6 4. Bh4 c5 5. d5 exd5 6. cxd5 d6 7. e4 Be7 8. Bg3 Qa5+ 9. Qd2 Qxd2+ 10. Nxd2 Nh5 11.
Ne2 O-O 12. Nc3 f5 13. Be2 Nxg3 14. hxg3 Nd7 15. exf5 Rxf5 16. Bg4 Re5+ 17. Kf1 Nb6 18. Bxc8 Rxc8 19. f4 Rf5 20. Re1 Bf6 21. Nce4 Rd8 22. Nxf6+ Rxf6 23. Rh5 Rff8 24. Re7 Rd7 25. Re6 Kh7 26. Ne4 g6 27. Rh3 Nxd5 28. Rxd6 Rxd6 29. Nxd6 b6 30. Kf2 Kg7 31. Kf3 Rd8 32. Ne4 Nb4 33. a3 Nd3 34. b3 Nc1 35. b4 Rd3+ 36. Kf2 Rxa3 37. bxc5 Nd3+ 38. Ke2 Nxc5 39. Nxc5 bxc5 40.
Kf2 Ra2+ 41. Kf3 Ra3+ 42. Kf2 Ra1 43. g4 Ra2+ 44. Kg1 Ra4 45. Rc3 Rxf4 46. Rxc5 Ra4 47. Rc7+ Kf6 48. Rc5 a5 49. Kh2 Ra3 50. g3 a4 51. Kh3 Ra1 52. Rc6+ Kg5 53. Rc5+ Kf6 54. Rc6+ Kf7 55. Rc7+ Kf8 56. Rc6 a3 57. Kg2 Kf7 58.
Rc7+ Kf6 59. Rc5 Rb1 60. Ra5 Rb2+ 61. Kf3 a2 62. Kf4 Ke6 63. g5 h5 64. Ke4 Rb4+ 65.
Kf3 Rb3+ 66. Ke4 Rb4+ 67. Kf3 Rb2 68. Ke4 Kd6 69. Kd4 Rb4+ 70. Ke3 Rb3+ 71. Kf4 Rb4+ 72. Ke3 Rb2 73. Kd4 Rf2 74. Ra6+ Kc7 75. Ke3 Kb7 76. Ra5 Rb2 77. Kd3 Kb6 78. Ra8 Kb5 79. Kc3 Rg2 80. Kb3 Kc5 81. Ra4 Kd5 82. Kc3 Ke5 83.
Kb3 Kf5 84. Ra5+ Kg4 0-1

[Event "Early-Titled-Tuesday-Blitz-October-24-2023"]
[Site "Chess.com"]
[Date "2023.10.24"]
[Round "10"]
[White "Larina_Maria"]
[Black "Jojo_898"]
[Result "1/2-1/2"]
[WhiteElo "2234"]
[BlackElo "2341"]
[TimeControl "180+1"]
[EndTime "9:54:46 PDT"]
[Termination "Game drawn by repetition"]

1. e4 d6 2. d4 Nf6 3. Nc3 g6 4. g3 c6 5. a4 Bg7 6. Bg2 O-O 7. Nge2 Nbd7 8. O-O e5 9. h3 Qe7 10. g4 Nb6 11. a5 Nc4 12. b3 exd4 13. Nxd4 Ne5 14. f4 Ned7 15. g5 Nh5 16. Nce2 c5 17. c3 cxd4 18.
cxd4 f6 19. h4 Re8 20. Ba3 Nf8 21. e5 fxe5 22. dxe5 Be6 23. Bxd6 Qf7 24. b4 Bc4 25. Qd2 Bxe2 26. Qxe2 Ng3 27. Qd3 Nxf1 28. Bxf8 Qxf8 29.
Rxf1 Qxb4 30. Qd5+ Kh8 31. Qxb7 Qxb7 32. Bxb7 Rab8 33.
a6 Rbd8 34. Rc1 Rf8 35. Rc4 Rf7 36. Kg2 h6 37. Kg3 Rd3+ 38. Kg2 Kh7 39. Be4 Ra3 40.
h5 Rxf4 41. Bxg6+ Kg8 42. Rxf4 hxg5 43. Rf5 g4 44. e6 Bf8 45. Bf7+ Kg7 46. Rg5+ Kh6 47.
Rxg4 Rxa6 48. Rg6+ Kh7 49. Bg8+ Kh8 50. Bf7 Ra2+ 51.
Kf3 Ra3+ 52. Ke4 Kh7 53. Kf5 Bd6 54. Rg4 Rf3+ 55. Ke4 Rf1 56. Kd5 Be7 57. Kc6 Rd1 58. Ra4 Rd6+ 59. Kc7 a6 60. Kb7 Kg7 61. Rxa6 Rxa6 62.
Kxa6 Bg5 63. Kb7 Kf8 64. Kc6 Ke7 65. Kc7 Bh6 66. Kc6 Bg5 67. Bg8 Bh6 68. Kd5 Bg7 69. Ke4 Kf6 70. Kf4 Bh6+ 71. Kg4 Bg7 72. Bf7 Bh6 73.
Kf3 Bg7 74. Kg4 Bh6 75. Kf3 Bg7 76. Ke4 Bh6 77. Kd5 Ke7 78. Kc6 Bg7 79. Kc7 Be5+ 80. Kc6 Bg7 81. Kd5 Bf6 82. Ke4 Kf8 83. Kf5 Bc3 84.
Kg6 Bb2 85. h6 Bc3 86. h7 Bd4 87. Bg8 Bh8 88. Bf7 Ke7 89. Bg8 Bf6 90. Bf7 Bh8 91. Bg8 Bf6 92. Bf7 Bh8 1/2-1/2

[Event "Early-Titled-Tuesday-Blitz-October-24-2023"]
[Site "Chess.com"]
[Date "2023.10.24"]
[Round "10"]
[White "MokshAD1603"]
[Black "Byniolus"]
[Result "1/2-1/2"]
[WhiteElo "2657"]
[BlackElo "2803"]
[TimeControl "180+1"]
[EndTime "9:55:15 PDT"]
[Termination "Game drawn - insufficient material"]

1. c4 c6 2. g3 d5 3. Bg2 Nf6 4. Nf3 Bf5 5. Qb3 Qb6 6. d3 e6 7.
O-O Nbd7 8. Be3 Bc5 9. d4 Be7 10. c5 Qc7 11. Nc3 O-O 12. Bf4 Qc8 13. Rac1 h6 14.
h3 Re8 15. Rfe1 Bh7 16. Nd2 Bd8 17. e4 dxe4 18. Ndxe4 Bxe4 19. Nxe4 Nxe4 20. Bxe4 Bc7 21. Bd2 Nf6 22. Bb1 e5 23. dxe5 Bxe5 24. Kg2 Qd7 25. Qc2 Rad8 26. Rcd1 Qd5+ 27. Kg1 Qf3 28. Re3 Qh5 29. Rde1 Rd5 30. Bc3 Re6 31. Qf5 Bxc3 32. Rxe6 Qxf5 33. Bxf5 Rxf5 34. Re8+ Nxe8 35. Rxe8+ Kh7 36.
bxc3 Rxc5 37. Re7 b5 38. Rxf7 a5 39. Rf3 Kg6 40. Rd3 Kf5 41. Kf1 Ke4 42. Ke2 a4 43. Re3+ Kd5 44. Kd3 Rc4 45. Re7 g5 46. Rd7+ Kc5 47. Rh7 b4 48. cxb4+ Rxb4 49. Rxh6 Rb2 50.
Rg6 Rxa2 51. Rxg5+ Kb4 52. Rg6 Kb5 53. f4 a3 54. Kc3 Rf2 55. Rg8 Rf3+ 56. Kc2 Kc4 57. Ra8 Rf2+ 58. Kb1 Kb3 59. Rb8+ Kc3 60. Rc8 Kb3 61.
Rb8+ Kc4 62. Ra8 Rf3 63. f5 c5 64. f6 Kb3 65. Rb8+ Kc3 66. Ra8 Kb3 67. Rb8+ Kc3 68. Ra8 Kb4 69. Rb8+ Kc4 70. Ra8 Rxf6 71. Rxa3 Kb4 72.
Re3 c4 73. Kc2 Rf2+ 74. Kc1 Rh2 75. g4 Rg2 76. Re8 Kb3 77. Rb8+ Kc3 78. Kd1 Rg1+ 79. Ke2 Rg3 80. Rh8 Kc2 81. Kf2 Rd3 82. g5 c3 83. h4 Kd2 84. Rc8 Rh3 85. g6 Rxh4 86. g7 Rg4 87. g8=Q Rxg8 88. Rxg8 c2 89. Rd8+ Kc3 90.
Ke2 c1=Q 91. Rc8+ Kb2 92. Rxc1 Kxc1 1/2-1/2

[Event "Early-Titled-Tuesday-Blitz-October-24-2023"]
[Site "Chess.com"]
[Date "2023.10.24"]
[Round "10"]
[White "leejunhyeok"]
[Black "FGHSMN"]
[Result "0-1"]
[WhiteElo "2670"]
[BlackElo "2882"]
[TimeControl "180+1"]
[EndTime "9:55:19 PDT"]
[Termination "FGHSMN won by resignation"]

1. d4 Nf6 2. c4 e6 3. Nf3 Bb4+ 4. Nbd2 O-O 5. a3 Be7 6. e4 d6 7. Be2 Nfd7 8. Qc2 e5 9. d5 a5 10.
Nb1 Nc5 11. Nc3 f5 12. O-O fxe4 13. Nd2 e3 14. fxe3 Rxf1+ 15. Bxf1 Nbd7 16. Nde4 Nxe4 17. Nxe4 Nf6 18. Nxf6+ Bxf6 19. Bd3 g6 20. Bd2 b6 21. Rf1 Qe7 22. Bc3 a4 23. Qf2 Bg7 24. Qg3 Bd7 25.
Be2 Rf8 26. Bg4 Rxf1+ 27. Kxf1 Bf5 28. Bxf5 gxf5 29. Ke2 b5 30. Qf3 Qd7 31. e4 f4 32.
Kd3 c5 33. dxc6 Qxc6 34. cxb5 Qxb5+ 35. Kc2 Qb3+ 36. Kd2 Qe6 37. h3 Bh6 38. Ke2 Qc4+ 39. Qd3 Qc6 40. Bb4 Bf8 41. Kf3 Kf7 42. Qd5+ Qxd5 43.
exd5 Ke7 44. Ke4 Kd7 45. Be1 Be7 46. g3 fxg3 47. Bxg3 Bg5 48. Be1 Bc1 49. Bc3 h6 50. Kf5 Ke7 51. h4 Kf7 52. h5 Be3 53. Bb4 Ke7 54. Kg6 Bc1 55. Bc3 e4 56. Kf5 e3 57.
Ke4 e2 58. Kf3 Bxb2 59. Bd2 Bxa3 60. Kxe2 Bb2 61. Kd3 Bg7 62. Kc2 Kf6 63. Bc3+ Kf7 64. Bd2 Bf8 65. Bc3 Be7 66. Kb1 Bf6 67. Bd2 Bg5 68.
Bc3 Be3 69. Ka2 Bc5 70. Bd2 Kg7 71. Bc3+ Kh7 72. Bd2 Kg7 73. Bf4 Bb4 74. Be3 a3 75. Bf4 Kh7 76. Kb3 Bc5 77. Bc1 Kg7 78. Bd2 Kh7 79. Bc1 Kg7 80. Bd2 Kf6 81. Bxh6 Kf5 82. Bg7 Kg5 83. h6 Kg6 84. Bf8 Kh7 85. Bg7 Kg6 86.
Kc4 Be3 87. Kb3 Bxh6 88. Bf8 Bxf8 0-1